 Dungeon Crawl Stone Soup version 0.27-a0-78-g75406f0b48 (webtiles) character file.

Game seed: 5494689745859387807

30 Essalna the Digger (level 3, -3/19 HPs)
             Began as a Gargoyle Earth Elementalist on Jan 14, 2021.
             Killed from afar by Sigmund (13 damage)
             ... with a puff of flame
             ... on level 2 of the Dungeon.
             The game lasted 00:01:52 (1598 turns).

Essalna the Digger (Gargoyle Earth Elementalist)    Turns: 1598, Time: 00:01:52

Health: -3/19      AC:  5    Str: 11    XL:     3   Next: 18%
Magic:  6/6        EV: 12    Int: 16    God:
Gold:   84         SH:  0    Dex: 10    Spells: 6/7 levels left

rFire    x . .     SeeInvis .   a - +0 hand axe
rCold    + . .     Faith    .   (no shield)
rNeg     + . .     Spirit   .   c - +0 robe
rPois    ∞         Reflect  .   (no helmet)
rElec    +         Harm     .   (no cloak)
rCorr    .         Rampage  .   (no gloves)
Will     .....                  (no boots)
Stlth    ++........             (no amulet)
HPRegen  0.06/turn              h - ring of ice
MPRegen  0.10/turn              (no ring)

@: no status effects
A: negative energy resistance 1, electricity resistance, unbreathing,
petrification resistance, miasma immunity, AC +3
a: no special abilities


You were on level 2 of the Dungeon.
You visited 1 branch of the dungeon, and saw 2 of its levels.

You collected 84 gold pieces.

Inventory:

Hand Weapons
 a - a +0 hand axe (weapon)
Missiles
 b - 47 stones
Armour
 c - a +0 robe (worn)
Jewellery
 h - a ring of ice (left hand)
Scrolls
 e - 2 scrolls of teleportation {unknown}
 i - a scroll of blinking {unknown}
 j - a scroll of identify {unknown}
Potions
 d - 2 potions of haste {unknown}
 f - a potion of lignification {unknown}
 g - a potion of berserk rage {unknown}


   Skills:
 - Level 1.5 Dodging
 - Level 2.1 Stealth
 + Level 2.5 Spellcasting
 + Level 1.5 Transmutations
 + Level 4.1 Earth Magic


You had 6 spell levels left.
You knew the following spells:

 Your Spells              Type           Power        Failure   Level
a - Sandblast             Erth           30%          3%          1

Your spell library contained the following spells:

 Spells                   Type           Power        Failure   Level
 Passwall                 Tmut/Erth      9%           10%         2
 Stone Arrow              Conj/Erth      16%          26%         3
 Petrify                  Tmut/Erth      11%          52%         4
 Lee's Rapid Deconstruct  Erth           7%           69%         5


Dungeon Overview and Level Annotations

Branches:
Dungeon (2/15)

Altars:

Annotations:
D:2 Sigmund


Innate Abilities, Weirdness & Mutations

You are resistant to torment.
Your stone body is resilient. (AC +3)
You are immune to poison.
You resist negative energy. (rN+)
You are resistant to electric shocks. (rElec)
You can survive without breathing.
You are immune to petrification.
You are immune to miasma.


Message History

Found 10 gold pieces.
The rat bites you but does no damage.
Sigmund shouts!
You hit the rat.
You kill the rat!
You hear a shout! x2
An adder comes into view.
Sigmund casts a spell at himself.
Sigmund flickers and vanishes!
Deactivating autopickup; reactivate with Ctrl-A.
The goblin hits you but does no damage.
A goblin comes into view. It is wielding a +0 hand axe.
The goblin misses you.
A puff of flame appears from out of thin air!
The puff of flame hits you! The fire burns you terribly!
Ouch! That really hurt!
A puff of flame appears from out of thin air!
The puff of flame hits you! The fire burns you terribly!
Ouch! That really hurt!
You die...

#####. ...... ###
......##..
.......#.# ..
.....#.## #.##
.###......##..)#
.......#..<..#
#.#.g@....#
##.#.....### ..
#.{........# ###
#...###.###....#.#
..# #......# #....#
.. #.##
######.###.##.[....
...####{..{.....#
###...
.....g..###.#.#.##
# ...####.#
#......#


You could see a goblin.

Vanquished Creatures
  A dart slug (D:1)
  2 leopard geckos (D:1)
  3 bats
  4 goblins
  2 hobgoblins
  6 kobolds
  A ball python (D:1)
  A frilled lizard (D:1)
  5 rats
25 creatures vanquished.

Notes
Turn   | Place    | Note
-------+----------+-------------------------------------------
     0 | D:1      | Essalna the Gargoyle Earth Elementalist began the quest for
                  | the Orb.
     0 | D:1      | Reached XP level 1. HP: 10/10 MP: 3/3
   131 | D:1      | Reached skill level 1 in Transmutations
   214 | D:1      | Reached XP level 2. HP: 15/15 MP: 5/5
   709 | D:1      | Reached skill level 4 in Earth Magic
  1193 | D:1      | You fall into a shaft and drop 1 floor!
  1204 | D:2      | Reached XP level 3. HP: 11/19 MP: 6/6
  1572 | D:2      | Noticed Sigmund
  1598 | D:2      | Killed from afar by Sigmund

Illustrated notes

Levels and vault maps discovered:
D:1:      minmay_arrival_glassed_features, layout_basic
D:2:      layout_loops_cross, grunt_gozag_statues, uniq_crazy_yiuf_cottage,
          uniq_sigmund, uniq_jessica

Skill      XL: |  1  2 |
---------------+-------+-----
Transmutations | 1 |  1.5
Earth Magic    | 4 |  4.1
Dodging        | |  1.5
Stealth        | |  2.1
Spellcasting   | |  2.5

Action                   || total
-------------------------++-------
Melee: Hand axe          ||    69
 Cast: Sandblast         ||    12
 Stab: Sleeping          ||     2
Armor: Robe              ||    26
Dodge: Dodged            ||    58

Table legend: (Time is in decaauts)
 A = Elapsed time spent in this place.
 B = Non-inter-level travel time spent in this place.
 C = Inter-level travel time spent in this place.
 D = Time resting spent in this place.
 E = Time spent auto-exploring this place.
 F = Levels seen in this place.
 G = Mean time per level.
                   A        B        C        D        E       F      G
               +--------+--------+--------+--------+--------+-----+--------+
         Total |   1617 |   1617 |      0 |      0 |   1379 |   2 |  808.5 |
       Dungeon |   1617 |   1617 |      0 |      0 |   1379 |   2 |  808.5 |
               +--------+--------+--------+--------+--------+-----+--------+

Top non-repeatable levels by time:
     D:1: 1207 daAuts
     D:2: 409 daAuts
